 Dungeon Crawl Stone Soup version 0.31-a0-1074-g0b22e4e0f1 (webtiles) character file.

Game seed: 4327626594360945536

2971 Shnitzal the Trooper (level 9, -6/49 HPs)
             Began as a Vine Stalker Fighter on Dec 5, 2023.
             Was an Initiate of Okawaru.
             Mangled by a fire elemental (9 damage)
             ... summoned by a deep elf pyromancer
             ... on level 7 of the Dungeon.
             The game lasted 00:28:25 (5769 turns).

Shnitzal the Trooper (Vine Stalker Fighter)         Turns: 5769, Time: 00:28:26

Health: -6/49      AC:  9    Str: 28    XL:     9   Next: 82%
Magic:  0/10       EV: 14    Int:  8    God:    Okawaru [......]
Gold:   204        SH: 14    Dex: 15    Spells: 8/8 levels left

rFire   . . .        a - +0 war axe
rCold   . . .        u - +4 kite shield {reflect}
rNeg    . . .        f - +0 chain mail
rPois   .            (no helmet)
rElec   .            (no cloak)
rCorr   .            (no gloves)
SInv    .            (no boots)
Will    +....        (no amulet) Stlth
                     v - +5 ring of evasion
HPRegen 1.08/turn    H - +6 ring of strength
MPRegen 0.12/turn

%: reflection, guardian spirit
@: no status effects
A: fangs 3, regeneration 1, magic shield, antimagic bite, no potion heal 2
a: Renounce Religion


You were on level 7 of the Dungeon.
You worshipped Okawaru.
Okawaru was noncommittal.
You visited 2 branches of the dungeon, and saw 8 of its levels.

You collected 252 gold pieces.
You spent 48 gold pieces at shops.

Inventory:

Hand Weapons
 a - a +0 war axe (weapon)
 n - a +0 morningstar
 y - a +3 trident of draining
Missiles
 e - 2 silver javelins
 r - 8 poisoned darts (quivered)
 x - 2 throwing nets
Armour
 b - a +0 scale mail
 c - a +0 buckler
 f - a +0 chain mail (worn)
 u - a +4 kite shield of reflection (worn)
Jewellery
 g - an amulet of magic regeneration
 v - a +5 ring of evasion (left hand)
 H - a +6 ring of strength (right hand)
Talismans
 D - a maw talisman
Wands
 t - a wand of iceblast (11)
 E - a wand of flame (11)
Scrolls
 h - 3 scrolls of revelation
 j - a scroll of silence
 l - a scroll of teleportation
 m - 2 scrolls of fog
 q - 3 scrolls of butterflies
 C - a scroll of noise {unknown}
Potions
 d - 3 potions of might
 i - 3 potions of attraction
 k - a potion of invisibility {unknown}
 o - a potion of mutation {unknown}
 p - 3 potions of lignification
 s - a potion of degeneration {unknown}
 w - 2 potions of brilliance
 z - a potion of ambrosia {unknown}
 A - 4 potions of heal wounds {unknown}
 F - a potion of haste {unknown}
 I - a potion of curing


   Skills:
 * Level 6.9 Fighting
 + Level 5.1 Axes
 + Level 4.2 Throwing
 + Level 5.0 Armour
 + Level 3.9 Dodging
 + Level 5.2 Shields


You had 8 spell levels left.
You didn't know any spells.
Your spell library contained the following spells:

 Spells                   Type           Power      Damage    Failure   Level
 Sublimation of Blood     Necr           0%         N/A       99%         2
 Wereblood                Tmut           0%         N/A       99%         2
 Inner Flame              Hex/Fire       0%         N/A       100%        3
 Ozocubu's Armour         Ice            0%         N/A       100%        3
 Passage of Golubria      Tloc           0%         N/A       100%        4
 Silence                  Hex/Air        0%         N/A       100%        5
 Yara's Violent Unravell  Hex/Tmut       0%         3d3       100%        5
 Enfeeble                 Hex            0%         N/A       100%        7
 Ozocubu's Refrigeration  Ice            0%         4d7       100%        7
 Lehudib's Crystal Spear  Conj/Erth      0%         10d2      100%        8
 Tukima's Dance           Hex            Unusable   N/A       N/A         3
 Summon Hydra             Summ           Unusable   N/A       N/A         7

Dungeon Overview and Level Annotations

Branches:
Dungeon (7/15)             Temple (1/1) D:7

Altars:
Cheibriados
Dithmenos
Elyvilon
Fedhas
Gozag
Kikubaaqudgha
Makhleb
Nemelex Xobeh
Okawaru
Ru
Trog
Uskayaw
Vehumet
Wu Jian
Xom
Yredelemnul
Zin
The Shining One

Shops:
D:4 (?:

Annotations:
D:7 2 transporters, kd29's ghost, novice TrSh


Innate Abilities, Weirdness & Mutations

You have razor-sharp teeth.
Your natural rate of healing is unusually fast.
When hurt, damage is shared between your health and your magic reserves.
Your bite disrupts and absorbs the magic of your enemies.
Potions cannot restore your health.


Message History

You block the fire elemental's attack. x2
You block the deep elf pyromancer's attack.
You closely miss the deep elf pyromancer.
Your bite misses the deep elf pyromancer.
The deep elf pyromancer is severely wounded.
You closely miss the fire elemental. x2; You hit the fire elemental.
The fire elemental disappears in a puff of smoke!
The fire elemental hits you. The fire elemental burns you!
* * * LOW HITPOINT WARNING * * *
You block the fire elemental's attack. The fire elemental misses you.
The deep elf pyromancer casts a spell.
The deep elf pyromancer blinks!
Throw: 8 darts (poison)
Press: ? - help, Q - select action, (/) - cycle Shift-Dir - straight line
Okay, then.
Throw: 3 javelins (silver)
Press: ? - help, Shift-Dir - straight line, f - deep elf pyromancer
Aim: a deep elf pyromancer, wielding a +0 long sword (severely wounded, 51% to hit)
You throw a silver javelin.
The silver javelin completely misses the deep elf pyromancer.
You block the fire elemental's attack. x3; The fire elemental hits you.
The fire elemental burns you!
* * * LOW HITPOINT WARNING * * *
The fire elemental barely misses you.
That's the wrong kind of item! (Use * to select it.) Fire/throw/use which item? ([*] to toss any item) (? for menu, Esc to quit)
Okay, then.
Throw: 8 darts (poison)
Press: ? - help, Q - select action, (/) - cycle Shift-Dir - straight line, f/p - deep elf pyromancer
Aim: a deep elf pyromancer, wielding a +0 long sword (severely wounded, 51% to hit)
Okay, then.
Aiming: Iceblast
Press: ? - help, Shift-Dir - straight line, f/p - deep elf pyromancer
Aim: a deep elf pyromancer, wielding a +0 long sword (severely wounded)
The mass of ice explodes!
The iceblast engulfs the deep elf pyromancer!
The deep elf pyromancer is almost dead.
You hear a shout!
The fire elemental hits you. The fire elemental burns you!
You die...

#.##.#
####.##.######.##
####...............
....[##.##.######.#
#######......(.##.#
#######.e...# #
###...## #
##....####< #
#.§@E....[. #
#.EE#####.. ##
#...○# .#####
#####.#.°#
.....###...#..#..#
.........#.#.##..#
######.###.#.##...
######.......##.#.
# ...#####.#....#


You could see a deep elf pyromancer and 3 fire elementals.

Vanquished Creatures
  Joseph (D:7)
  Jeremiah (D:7)
  A troll (D:7)
  Menkaure (D:4)
  An acid dragon (D:6)
  4 water moccasins
  An ice beast (D:5)
  A sky beast (D:7)
  An ogre (D:5)
  2 centaurs (D:6)
  2 bullfrogs (D:6)
  4 scorpions
  A gnoll bouda (D:7)
  2 jellies
  Crazy Yiuf (D:5)
  5 hounds
  An orc priest (D:6)
  An iguana (D:5)
  5 orc wizards
  8 gnolls
  8 adders
  A shadow imp (D:7)
  3 worms
  A dart slug (D:5)
  5 orcs
  8 ball pythons
  5 bats
  8 endoplasms
  6 giant cockroaches
  6 goblins
  7 hobgoblins
  4 jackals (D:1)
  4 quokkas
  2 frilled lizards
  2 kobolds
  4 rats
118 creatures vanquished.

Vanquished Creatures (others)
  An orc wizard (D:6)
1 creature vanquished.

Grand Total: 119 creatures vanquished

Notes
Turn   | Place    | Note
-------+----------+-------------------------------------------
     0 | D:1      | Shnitzal the Vine Stalker Fighter began the quest for the
                  | Orb.
     0 | D:1      | Reached XP level 1. HP: 11/11 MP: 2/2
   148 | D:1      | Reached XP level 2. HP: 14/16 MP: 3/3
   294 | D:1      | Reached skill level 3 in Fighting
   791 | D:2      | Reached XP level 3. HP: 20/20 MP: 4/4
  1045 | D:2      | Reached skill level 1 in Dodging
  1045 | D:2      | Reached XP level 4. HP: 24/24 MP: 5/5
  1065 | D:2      | You fall into a shaft and drop 2 floors!
  1212 | D:3      | Found a faded altar of an unknown god.
  1889 | D:3      | Reached XP level 5. HP: 28/28 MP: 6/6
  2260 | D:4      | Noticed Menkaure
  2270 | D:4      | Killed Menkaure
  2271 | D:4      | Reached skill level 1 in Throwing
  2271 | D:4      | Reached XP level 6. HP: 22/33 MP: 2/7
  2591 | D:4      | Found Femielyja's Weapon Boutique.
  2591 | D:4      | Found Mifac's Magic Scroll Shop.
  2592 | D:4      | Found Mudol's Book Boutique.
  2605 | D:4      | Bought a scroll of identify for 24 gold pieces
  2605 | D:4      | Bought a scroll of identify for 24 gold pieces
  2609 | D:4      | Identified a scroll of acquirement
  2610 | D:4      | Acquired a +2 kite shield of reflection
  2880 | D:5      | Entered Level 5 of the Dungeon
  2937 | D:5      | Reached skill level 4 in Fighting
  3049 | D:5      | Noticed a water moccasin
  3077 | D:5      | Killed a water moccasin
  3078 | D:5      | Reached XP level 7. HP: 19/37 MP: 5/8
  3666 | D:5      | Found a runed translucent door.
  3667 | D:5      | Noticed Crazy Yiuf
  4037 | D:5      | Killed Crazy Yiuf
  4038 | D:5      | Gained mutation: You have razor-sharp teeth. [Vine Stalker
                  | growth]
  4038 | D:5      | Reached XP level 8. HP: 34/42 MP: 7/9
  4128 | D:6      | Reached skill level 5 in Fighting
  4458 | D:6      | Found a bloodstained altar of Trog.
  4572 | D:6      | HP: 1/44 [acid dragon (6)]
  4868 | D:6      | Found a radiant altar of Vehumet.
  4873 | D:6      | Found a snail-covered altar of Cheibriados.
  5021 | D:7      | Noticed Joseph
  5108 | D:7      | Killed Joseph
  5109 | D:7      | Reached skill level 6 in Fighting
  5109 | D:7      | Reached XP level 9. HP: 43/48 MP: 8/10
  5197 | D:7      | Found a transporter.
  5237 | D:7      | Noticed a troll
  5248 | D:7      | Killed a troll
  5321 | D:7      | Reached skill level 5 in Shields
  5336 | D:7      | Found a glowing golden altar of the Shining One.
  5336 | D:7      | Found a glowing silver altar of Zin.
  5336 | D:7      | Found a white marble altar of Elyvilon.
  5346 | D:7      | Noticed kd29's ghost (novice TrSh)
  5347 | D:7      | Noticed a manticore
  5369 | D:7      | Found a transporter.
  5375 | D:7      | Noticed a manticore
  5418 | D:7      | Noticed Jeremiah
  5424 | D:7      | Killed Jeremiah
  5425 | D:7      | Reached skill level 5 in Axes
  5425 | D:7      | Reached skill level 5 in Armour
  5440 | D:7      | Found a staircase to the Ecumenical Temple.
  5454 | Temple   | Entered the Ecumenical Temple
  5487 | Temple   | Became a worshipper of Warmaster Okawaru
  5757 | D:7      | Noticed a deep elf pyromancer
  5768 | D:7      | HP: 2/49 [fire elemental[a deep elf pyromancer] (11)]
  5769 | D:7      | Mangled by a fire elemental

Illustrated notes

Levels and vault maps discovered:
D:1:      heliophobic_arrival_ceremonial_halls, layout_basic
D:2:      layout_basic, hangedman_abyss_or_decor_lesser_grid,
          small_statue_intersection, minmay_worlds_worst_comb
D:3:      layout_loops_ring, ebering_ecumenical_altar_petrified
D:4:      layout_loops_ring, nicolae_wooded_promenade, uniq_menkaure
D:5:      layout_basic, uniq_crazy_yiuf_cottage
D:6:      nicolae_whirlpool, layout_loops_ring,
          mainiacjoe_overflow_small_starburst, mainiacjoe_overflow_big_doors,
          dreamdust_gnoll_farm
D:7:      layout_rooms, dreamdust_divine_triumvirate, minmay_temple_entry_trees,
          nzn_ghost_randoct, nicolae_zen_rock_garden, uniq_pikel, uniq_joseph,
          uniq_jeremiah
Temple:   nicolae_temple_godzebo

Skill      XL: |  1  2  3  4  5  6  7  8  9 |
---------------+----------------------------+-----
Fighting       | 3 4 6 |  6.9
Axes           | 2 3 4 5 |  5.1
Shields        | 3 4 5 |  5.2
Dodging        | 1 2 3 |  3.9
Armour         | 3 4 5 |  5.0
Throwing       | 1 2 3 4 |  4.2

Action                     |  1- 3 |  4- 6 |  7- 9 || total
---------------------------+-------+-------+-------++-------
  Melee: War axe           |    78 |   139 |   210 ||   427
         Bite              |    12 |    28 |    62 ||   102
  Throw: Dart              |       |     2 |     6 ||     8
         Javelin           |       |       |     1 ||     1
  Evoke: Wand              |       |       |     8 ||     8
    Use: Potion            |       |     6 |       ||     6
         Scroll            |       |     7 |     8 ||    15
 Armour: Scale mail        |    56 |    80 |    88 ||   224
         Skin              |       |     2 |       ||     2
         Chain mail        |       |       |    32 ||    32
  Dodge: Dodged            |    37 |    80 |   125 ||   242
  Block: Buckler           |    14 |    26 |       ||    40
         Kite shield       |       |    25 |   155 ||   180
         Reflection        |       |       |    12 ||    12

Table legend: (Time is in decaauts)
 A = Elapsed time spent in this place.
 B = Non-inter-level travel time spent in this place.
 C = Inter-level travel time spent in this place.
 D = Time resting spent in this place.
 E = Time spent auto-exploring this place.
 F = Levels seen in this place.
 G = Mean time per level.
                   A        B        C        D        E       F      G
               +--------+--------+--------+--------+--------+-----+--------+
         Total |   5967 |   5093 |    874 |     15 |   3865 |   8 |  745.9 |
       Dungeon |   5908 |   5090 |    818 |     15 |   3865 |   7 |  844.0 |
        Temple |     58 |      2 |     56 |      0 |      0 |   1 |   58.0 |
               +--------+--------+--------+--------+--------+-----+--------+

Top non-repeatable levels by time:
     D:5: 1263 daAuts
     D:6: 1044 daAuts
     D:4: 890 daAuts
     D:1: 809 daAuts
     D:3: 656 daAuts
     D:7: 642 daAuts
     D:2: 601 daAuts
  Temple: 58 daAuts
